 Dungeon Crawl Stone Soup version 0.21.1-1-g345015fe64 (webtiles) character file.

74 LevaFresel the Bolt Thrower (level 4, -4/27 HPs)
             Began as a Kobold Hunter on June 8, 2018.
             Splashed by Ijyb's acid (13 damage)
             ... on level 3 of the Dungeon.
             The game lasted 00:06:50 (1633 turns).

LevaFresel the Bolt Thrower (Kobold Hunter)         Turns: 1633, Time: 00:06:50

Health: -4/27      AC:  3    Str: 10    XL:     4   Next: 54%
Magic:  4/4        EV: 15    Int: 12    God:
Gold:   151        SH:  0    Dex: 15    Spells: 3/3 levels left

rFire    . . .     SeeInvis .   b - +0 short sword
rCold    . . .     Gourm    .   (shield restricted)
rNeg     . . .     Faith    .   c - +0 leather armour
rPois    .         Spirit   .   (no helmet)
rElec    .         Reflect  .   (no cloak)
rCorr    .         Harm     .   (no gloves)
MR       .....                  (no boots)
Stlth    ++........             (no amulet)
HPRegen  0.09/turn              (no ring)
MPRegen  0.09/turn              (no ring)

@: no status effects
A: small, carnivore
a: no special abilities


You were on level 3 of the Dungeon.
You were very full.

You visited 1 branch of the dungeon, and saw 3 of its levels.

You collected 151 gold pieces.

Inventory:

Hand Weapons
 a - a +1 hand crossbow
 b - a +0 short sword (weapon)
Missiles
 d - 18 bolts
Armour
 c - a +0 leather armour (worn)
 m - a +0 ring mail
 p - a +0 scale mail
 q - a cursed +0 pair of gloves
 r - a +0 chain mail
Scrolls
 e - a scroll of magic mapping {unknown}
 g - a scroll of enchant armour {unknown}
 h - 4 scrolls of remove curse {unknown}
 i - a scroll of noise {unknown}
 l - 2 scrolls of fear {unknown}
 n - a scroll of teleportation {unknown}
Potions
 j - a potion of heal wounds {unknown}
 k - 2 potions of cancellation {unknown}
 o - a potion of flight {unknown}
Comestibles
 f - 7 rations


   Skills:
 + Level 2.8 Fighting
 + Level 1.6 Short Blades
 * Level 5.5 Crossbows
 + Level 0.9 Armour
 + Level 3.0 Dodging
 - Level 2.0 Stealth


You had 3 spell levels left.
You didn't know any spells.

Dungeon Overview and Level Annotations

Branches:
Dungeon (3/15)

Altars:

Annotations:
D:3 Ijyb


Innate Abilities, Weirdness & Mutations

You are small and have problems with some larger weapons.
You are carnivorous and can eat meat at any time.


Message History

You hit Ijyb but do no damage. Ijyb closely misses you.
You barely miss Ijyb. Ijyb hits you but does no damage.
You hit Ijyb.
Ijyb is lightly wounded.
Ijyb hits you but does no damage.
You hit Ijyb but do no damage.
Ijyb is lightly wounded.
Ijyb closely misses you.
You hit Ijyb but do no damage.
Ijyb is lightly wounded.
Ijyb barely misses you.
You hit Ijyb but do no damage.
Ijyb is lightly wounded.
Ijyb hits you but does no damage.
You hit Ijyb but do no damage.
Ijyb is lightly wounded.
Ijyb zaps a wand.
The bolt of acid hits you!
Ouch! That really hurt!
You are splashed with acid!
The acid burns!
You die...

........# .........
#######.########......o.
####.#......#.†..g...
#...........#.#......
#.##'#......#.# .....
#...........#.# ....
#...........#.# ...
#.......#####g# ..
#...........#@# ..
#.##.##.....#.####.#
#....##.....#......#
#######.........####
#.........# ##........#
#........# ##########


You could see Ijyb.

Vanquished Creatures
  Jessica (D:2)
  2 adders
  A worm (D:2)
  3 leopard geckos
  An orc (D:3)
  2 bats
  2 giant cockroaches (D:1)
  3 goblins
  3 hobgoblins
  2 kobolds
  2 frilled lizards (D:1)
  3 rats
25 creatures vanquished.

Vanquished Creatures (others)
  An orc (D:3)
1 creature vanquished.

Grand Total: 26 creatures vanquished

Notes
Turn   | Place    | Note
-------+----------+-------------------------------------------
     0 | D:1      | LevaFresel the Kobold Hunter began the quest for the Orb.
     0 | D:1      | Reached XP level 1. HP: 12/12 MP: 1/1
     5 | D:1      | Noticed an electric eel
     5 | D:1      | Noticed an electric eel
   180 | D:1      | Reached XP level 2. HP: 15/18 MP: 2/2
   204 | D:1      | Reached skill level 5 in Crossbows
  1081 | D:1      | Reached XP level 3. HP: 22/22 MP: 3/3
  1167 | D:2      | Reached skill level 1 in Short Blades
  1311 | D:2      | Noticed Jessica
  1316 | D:2      | Killed Jessica
  1316 | D:2      | Reached XP level 4. HP: 27/27 MP: 4/4
  1609 | D:3      | Noticed Ijyb
  1633 | D:3      | Splashed by Ijyb's acid

Skill      XL: |  1  2  3 |
---------------+----------+-----
Crossbows      | 5 |  5.5
Stealth        | 2 |  2.0
Short Blades   | 1 |  1.6
Dodging        | 3 |  3.0
Fighting       | |  2.8
Armour         | |  0.9

Action                   |  1- 3 |  4- 6 || total
-------------------------+-------+-------++-------
Melee: Short sword       |   101 |    35 ||   136
 Fire: Hand crossbow     |    11 |     6 ||    17
  Eat: Chunk             |    10 |       ||    10
Armor: Leather armour    |    24 |     1 ||    25
Dodge: Dodged            |    93 |    28 ||   121
